 Dungeon Crawl Stone Soup version 0.30-a0-219-gf2db51d (webtiles) character file.

Game seed: 182047262708401788

47802 Toastz the Skirmisher (level 14, -12/111 HPs)
             Began as a Gnoll Reaver on Oct 6, 2022.
             Was the Champion of Makhleb.
             Mangled by a death yak (20 damage)
             ... on level 5 of the Lair of Beasts.
             The game lasted 00:39:43 (17070 turns).

Toastz the Skirmisher (Gnoll Reaver)               Turns: 17070, Time: 00:39:43

Health: -12/111    AC: 22    Str: 15    XL:     14   Next: 43%
Magic:  28/28      EV: 16    Int: 14    God:    Makhleb [******]
Gold:   861        SH: 17    Dex: 17    Spells: 24/34 levels left

rFire   . . .      SeeInvis .    b - +3 eveningstar (vorpal)
rCold   . . .      Faith    .    S - +0 kite shield
rNeg    . . .      Spirit   .    Y - +0 acid dragon scales
rPois   .          Reflect  +    A - +2 helmet
rElec   .          Harm     .    z - +2 cloak
rCorr   +          Rampage  .    B - +2 pair of gloves
Will    +....                    (no boots)
Stlth   ++++......               y - amulet of reflection
HPRegen 0.38/turn                r - +6 ring of dexterity
MPRegen 0.21/turn                R - +4 ring of protection

@: about to teleport, studying Ranged Weapons
A: fangs 1, strong nose, distributed training
a: Renounce Religion, Minor Destruction, Lesser Servant of Makhleb, Major
Destruction, Greater Servant of Makhleb


You were on level 5 of the Lair of Beasts.
You worshipped Makhleb.
Makhleb was exalted by your worship.
You visited 3 branches of the dungeon, and saw 17 of its levels.
You also visited: Sewer and Ossuary.

You collected 971 gold pieces.
You spent 110 gold pieces at shops.

Inventory:

Hand Weapons
 a - a +0 spectral war axe
 b - a +3 vorpal eveningstar (weapon)
 G - the +3 dagger of the Illusory Olives {freeze, rC- rCorr Dex+5 SInv}
   (You found it on level 5 of the Dungeon)

   It freezes those it strikes, dealing additional cold damage.
   It can also slow down cold-blooded creatures.
   Dex:       It affects your dexterity (+5).
   rC:        It makes you vulnerable to cold.
   SInv:      It lets you see invisible.
   rCorr:     It protects you from acid and corrosion.
Missiles
 f - 15 boomerangs (quivered)
 H - a throwing net
Armour
 k - a +2 ring mail of cold resistance
 z - a +2 cloak (worn)
 A - a +2 helmet (worn)
 B - a +2 pair of gloves (worn)
 S - a +0 kite shield (worn)
 Y - +0 acid dragon scales (worn)
Jewellery
 r - a +6 ring of dexterity (left hand)
 y - an amulet of reflection (around neck)
 E - the amulet "Trusted Companion" {Spirit +Inv SInv}
   (You found it on level 4 of the Dungeon)

   [amulet of guardian spirit]

   It causes incoming damage to be divided between your reserves of health and
   magic.
   SInv:      It lets you see invisible.
   +Inv:      It lets you turn invisible.
 L - a ring of flight
 P - a ring of poison resistance
 R - a +4 ring of protection (right hand)
 V - the amulet "Utetaneh" {RegenMP rElec rC+ SInv}
   (You found it on level 11 of the Dungeon)

   [amulet of magic regeneration]

   It increases your rate of magic regeneration.
   rC:        It protects you from cold.
   rElec:     It insulates you from electricity.
   SInv:      It lets you see invisible.
 Z - a ring of protection from fire
Wands
 D - a wand of charming (3)
 J - a wand of iceblast (12)
 U - a wand of quicksilver (12)
 X - a wand of polymorph (3)
Scrolls
 d - 5 scrolls of blinking
 e - 15 scrolls of teleportation
 h - a scroll of fear {unknown}
 j - 3 scrolls of immolation {unknown}
 o - 4 scrolls of poison
 s - 4 scrolls of magic mapping
 u - 2 scrolls of summoning {unknown}
 x - 2 scrolls of vulnerability
 F - 4 scrolls of fog
 I - 3 scrolls of amnesia
 Q - a scroll of acquirement {unknown}
 W - a scroll of noise {unknown}
Potions
 c - 2 potions of degeneration {unknown}
 g - 13 potions of curing
 l - 5 potions of brilliance
 m - 3 potions of lignification
 n - a potion of berserk rage {unknown}
 p - 3 potions of haste
 q - 2 potions of magic
 t - 7 potions of heal wounds
 v - a potion of cancellation {unknown}
 w - 5 potions of mutation
 C - 5 potions of attraction
 K - 4 potions of might {unknown}
 M - 2 potions of ambrosia
 N - 2 potions of invisibility {unknown}
 O - 2 potions of resistance {unknown}
 T - 3 potions of flight {unknown}
Miscellaneous
 i - a piece from Xom's chessboard (15/15)


   Skills:
 + Level 10.6 Fighting
 + Level 9.5 Short Blades
 + Level 9.5 Long Blades
 + Level 9.5 Axes
 + Level 9.5 Maces & Flails
 + Level 11.5 Polearms
 + Level 9.5 Staves
 + Level 12.2 Ranged Weapons
 + Level 9.5 Throwing
 + Level 9.5 Armour
 + Level 10.6 Dodging
 + Level 9.5 Stealth
 + Level 9.5 Shields
 + Level 9.5 Unarmed Combat
 + Level 10.8 Spellcasting
 + Level 9.7 Conjurations
 + Level 8.0 Hexes
 + Level 8.0 Summonings
 + Level 8.0 Necromancy
 + Level 8.0 Translocations
 + Level 8.0 Transmutations
 + Level 8.0 Fire Magic
 + Level 8.0 Ice Magic
 + Level 8.0 Air Magic
 + Level 8.0 Earth Magic
 + Level 8.0 Poison Magic
 + Level 10.4 Invocations
 + Level 9.5 Evocations


You had 24 spell levels left.
You knew the following spells:

 Your Spells              Type           Power      Damage    Failure   Level
a - Kiss of Death         Conj/Necr      100%       2d13      1%          1
b - Momentum Strike       Conj/Tloc      64%        3d9       1%          2
c - Hailstorm             Conj/Ice       32%        3d8       2%          3
d - Animate Armour        Summ/Erth      60%        N/A       11%         4

Your spell library contained the following spells:

 Spells                   Type           Power      Damage    Failure   Level
 Apportation              Tloc           60%        N/A       1%          1
 Necrotise                Necr           100%       1d9       1%          1
 Slow                     Hex            100%       N/A       1%          1
 Summon Small Mammal      Summ           100%       N/A       1%          1
 Scorch                   Fire           60%        2d8       1%          2
 Dazzling Flash           Conj/Hex       64%        N/A       2%          3
 Confusing Touch          Hex            30%        N/A       3%          3
 Frozen Ramparts          Ice            60%        1d10      3%          3
 Ignite Poison            Fire/Tmut/Pois 30%        N/A       3%          3
 Vampiric Draining        Necr           30%        2d8       3%          3
 Flame Wave               Conj/Fire      32%        2d9       8%          4
 Sticky Flame             Conj/Fire      32%        2d5       8%          4
 Anguish                  Hex/Necr       15%        N/A       11%         4
 Dispel Undead            Necr           30%        3d14      11%         4
 Ice Form                 Ice/Tmut       30%        N/A       11%         4
 Summon Ice Beast         Ice/Summ       30%        N/A       11%         4
 Agony                    Necr           30%        N/A       30%         5
 Blade Hands              Tmut           15%        N/A       30%         5
 Silence                  Hex/Air        15%        N/A       30%         5
 Iron Shot                Conj/Erth      16%        9d4       75%         6
 Summon Cactus Giant      Summ           15%        N/A       86%         6
 Enfeeble                 Hex            15%        N/A       100%        7
 Ignition                 Fire           15%        3d6       100%        8


Dungeon Overview and Level Annotations

Branches:
Dungeon (11/15)            Temple (1/1) D:4            Lair (5/5) D:9
 Shoals (0/4) Lair:3       Spider (0/4) Lair:3        Slime (0/5) Lair:4
    Orc (0/2) D:11          Sewer (visited)         Ossuary (visited)

Altars:
Ashenzari
Cheibriados
Dithmenos
Elyvilon
Fedhas
Gozag
Hepliaklqana
Kikubaaqudgha
Makhleb
Nemelex Xobeh
Okawaru
Qazlal
Ru
Sif Muna
Trog
Uskayaw
Vehumet
Wu Jian
Xom
Yredelemnul
Zin
The Shining One
Jiyva

Shops:
D:4 [   D:6 *   D:10 !


Innate Abilities, Weirdness & Mutations

You have very sharp teeth.
Your uncanny sense of smell can sniff out nearby items.
Your experience applies equally to all skills.


Message History

You block the death yak's attack.
The death yak gores you but does no damage.
The cane toad completely misses you. The death yak attacks as you move away!
The death yak gores you!
* * * LOW HITPOINT WARNING * * *
You puncture the death yak!
You bite the death yak, but do no damage.
The death yak is moderately wounded.
You block the death yak's attack.
You hit the death yak but do no damage.
The death yak is moderately wounded.
The death yak closely misses you. x2
You thump the death yak!
You bite the death yak, but do no damage.
The death yak is moderately wounded.
You block the death yak's attack. x2
You barely miss the death yak.
The death yak is moderately wounded.
You block the death yak's attack. x2
You thump the death yak!
The death yak is heavily wounded.
You block the death yak's attack. x2
You puncture the death yak!
The death yak is heavily wounded.
The death yak gores you.
* * * LOW HITPOINT WARNING * * *
The death yak closely misses you.
You barely miss the death yak. Your bite misses the death yak.
The death yak is heavily wounded.
You block the death yak's attack. x2; The death yak gores you!
* * * LOW HITPOINT WARNING * * *
The death yak completely misses you.
As you read the scroll of teleportation, it crumbles to dust.
You feel strangely unstable.
The death yak gores you but does no damage.
The death yak gores you!
* * * LOW HITPOINT WARNING * * *
You block the death yak's attack. The death yak attacks as you move away!
The death yak gores you!!
You die...

### ## ## #######.##F###
##
.#P##..#P...D##.##..#.##
............YY.Y@..?....
#...##.......#.Y#.......
######...††####..##.....
#..##.##...# ##.# #...
......##...# ..# ..
.......P...#. ...# .
..........D.# ..##
###...#.#..#.. .##
###...##...###


You could see 4 death yaks and a steam dragon.

Vanquished Creatures
  Gastronok (Lair:3)
  A fire dragon (D:9)
  A hydra (Lair:2)
  A boulder beetle (D:10)
  A two-headed ogre (D:9)
  A centaur warrior (D:8)
  3 death yaks
  A deep elf knight (D:10)
  Amaemon (D:8)
  A deep troll (Lair:1)
  A sea snake (Lair:5)
  An ugly thing (D:10)
  An orc knight (D:10)
  A harpy (Lair:5)
  2 manticores
  19 elephants
  4 black mambas
  A torpor snail (Lair:3)
  An orange demon (D:8)
  Maggie (Lair:2)
  11 cane toads
  An unseen horror (D:10)
  A kobold demonologist (D:10)
  3 rime drakes
  6 komodo dragons
  2 trolls (D:10)
  A polar bear (Lair:5)
  A wind drake (Lair:5)
  A snapping turtle (Lair:5)
  7 dream sheep (Lair:3)
  9 blink frogs
  2 shadows (D:10)
  4 basilisks
  3 wyverns
  15 yaks
  2 steam dragons
  A vampire mosquito (D:10)
  2 ice beasts
  12 water moccasins
  An orc warrior (D:8)
  A sky beast (D:6)
  A black bear (D:7)
  18 wolves
  An ogre (D:6)
  6 centaurs
  An elf zombie (Ossuary)
  3 kobold brigands
  14 bullfrogs
  A gnoll sergeant (D:7)
  2 necrophages
  6 scorpions
  10 wights
  6 killer bees (D:10)
  An electric eel (D:9)
  2 howler monkeys
  3 centaur zombies (Ossuary)
  2 hounds
  A gnoll bouda (D:10)
  4 orc priests
  5 iguanas
  3 orc wizards
  2 ogre zombies (Ossuary)
  7 mummies (Ossuary)
  12 gnolls
  A river rat (Sewer)
  20 adders
  2 white imps
  An ufetubus (D:3)
  3 adder zombies (Ossuary)
  4 worms
  5 dart slugs
  18 orcs
  11 ball pythons
  5 bats
  7 endoplasms
  7 giant cockroaches
  10 goblins
  4 hobgoblins
  4 jackals
  11 kobolds
  6 quokkas
  14 frilled lizards
  6 goblin zombies
  7 hobgoblin zombies
  5 kobold zombies (Ossuary)
  7 orc zombies (D:11)
  3 quokka zombies (Ossuary)
  17 rats
  3 rat zombies (Ossuary)
422 creatures vanquished.

Vanquished Creatures (collateral kills)
  2 hydras (Lair:5)
  2 boulder beetles (Lair:4)
  3 death yaks (Lair:4)
  8 elephants
  A torpor snail (Lair:5)
  A komodo dragon (Lair:4)
  2 polar bears (Lair:5)
  A steam dragon (Lair:5)
  4 yaks (Lair:5)
24 creatures vanquished.

Vanquished Creatures (others)
  A boulder beetle (Lair:2)
  A hornet (D:8)
  An acid dragon (D:7)
  A wight (D:4)
  A bush (Lair:5)
  27 fungi
  42 plants
74 creatures vanquished.

Grand Total: 520 creatures vanquished

Notes
Turn   | Place    | Note
-------+----------+-------------------------------------------
     0 | D:1      | Toastz the Gnoll Reaver began the quest for the Orb.
     0 | D:1      | Reached XP level 1. HP: 20/20 MP: 6/6
   120 | D:1      | Reached XP level 2. HP: 26/26 MP: 7/7
   525 | D:1      | Reached skill level 5 in Spellcasting
   525 | D:1      | Reached XP level 3. HP: 31/31 MP: 7/9
   897 | D:1      | Learned a level 2 spell: Momentum Strike
   901 | D:1      | Learned a level 3 spell: Hailstorm
   952 | D:2      | Reached skill level 1 in Invocations
  1024 | D:2      | Reached skill level 1 in Short Blades
  1024 | D:2      | Reached skill level 1 in Long Blades
  1024 | D:2      | Reached skill level 1 in Axes
  1024 | D:2      | Reached skill level 1 in Maces & Flails
  1024 | D:2      | Reached skill level 1 in Staves
  1024 | D:2      | Reached skill level 1 in Ranged Weapons
  1024 | D:2      | Reached skill level 1 in Throwing
  1024 | D:2      | Reached skill level 1 in Armour
  1024 | D:2      | Reached skill level 1 in Stealth
  1024 | D:2      | Reached skill level 1 in Shields
  1024 | D:2      | Reached skill level 1 in Unarmed Combat
  1024 | D:2      | Reached skill level 1 in Evocations
  1131 | D:2      | Reached XP level 4. HP: 34/38 MP: 11/11
  1479 | D:2      | Reached skill level 1 in Hexes
  1479 | D:2      | Reached skill level 1 in Summonings
  1479 | D:2      | Reached skill level 1 in Necromancy
  1479 | D:2      | Reached skill level 1 in Translocations
  1479 | D:2      | Reached skill level 1 in Transmutations
  1479 | D:2      | Reached skill level 1 in Fire Magic
  1479 | D:2      | Reached skill level 1 in Ice Magic
  1479 | D:2      | Reached skill level 1 in Air Magic
  1479 | D:2      | Reached skill level 1 in Earth Magic
  1479 | D:2      | Reached skill level 1 in Poison Magic
  1770 | D:3      | Found a faded altar of an unknown god.
  1985 | D:3      | Reached XP level 5. HP: 43/43 MP: 12/12
  2752 | D:3      | Reached XP level 6. HP: 35/50 MP: 13/13
  2918 | D:4      | Found a glowing drain.
  2930 | D:4      | Reached skill level 5 in Fighting
  2930 | D:4      | Reached skill level 5 in Dodging
  2939 | D:4      | Reached skill level 2 in Ranged Weapons
  2969 | Sewer    | Entered a sewer
  3393 | D:4      | Found a staircase to the Ecumenical Temple.
  3467 | Temple   | Entered the Ecumenical Temple
  3579 | Temple   | Became a worshipper of Makhleb the Destroyer
  3672 | D:4      | Identified the amulet "Trusted Companion" {Spirit +Inv
                  | SInv}
  3678 | D:4      | Found Ymuerphyo's Antique Armour Boutique.
  3767 | D:4      | Reached XP level 7. HP: 53/56 MP: 15/15
  4245 | D:5      | Entered Level 5 of the Dungeon
  4313 | D:5      | Identified the +3 dagger of the Illusory Olives {freeze,
                  | rC- rCorr Dex+5 SInv}
  4408 | D:5      | Found a sand-covered staircase.
  4420 | Ossuary  | Entered an ossuary
  4508 | Ossuary  | Reached * piety under Makhleb
  4519 | Ossuary  | Reached skill level 3 in Ranged Weapons
  4519 | Ossuary  | Reached XP level 8. HP: 63/63 MP: 16/16
  5652 | D:6      | Reached ** piety under Makhleb
  5945 | D:6      | Found Ucraerch's Lightly-Used Armoury.
  6005 | D:6      | Bought a -1 eveningstar for 110 gold pieces
  6067 | D:6      | Found an ornate altar of the Wu Jian Council.
  6091 | D:6      | Reached XP level 9. HP: 20/69 MP: 18/18
  6328 | D:6      | Reached skill level 4 in Ranged Weapons
  6380 | D:6      | Identified the +0 pair of boots "Larex" {Fly}
  6950 | D:7      | Reached skill level 5 in Invocations
  7986 | D:8      | Noticed a centaur warrior
  8000 | D:8      | Killed a centaur warrior
  8003 | D:8      | Noticed a hornet
  8015 | D:8      | Reached skill level 5 in Short Blades
  8015 | D:8      | Reached skill level 5 in Long Blades
  8015 | D:8      | Reached skill level 5 in Axes
  8015 | D:8      | Reached skill level 5 in Maces & Flails
  8015 | D:8      | Reached skill level 5 in Staves
  8015 | D:8      | Reached skill level 5 in Ranged Weapons
  8015 | D:8      | Reached skill level 5 in Throwing
  8015 | D:8      | Reached skill level 5 in Armour
  8015 | D:8      | Reached skill level 5 in Stealth
  8015 | D:8      | Reached skill level 5 in Shields
  8015 | D:8      | Reached skill level 5 in Unarmed Combat
  8015 | D:8      | Reached skill level 5 in Evocations
  8015 | D:8      | Reached XP level 10. HP: 33/77 MP: 20/20
  8015 | D:8      | Paralysed by a hornet for 2 turns
  8126 | D:8      | Noticed Amaemon
  8128 | D:8      | Noticed an orange demon
  8222 | D:8      | Killed an orange demon
  8370 | D:8      | Reached *** piety under Makhleb
  8513 | D:8      | Killed Amaemon
  9086 | D:8      | Found an iron altar of Okawaru.
  9306 | D:9      | Found a staircase to the Lair.
  9307 | D:9      | Noticed a fire dragon
  9321 | D:9      | Killed a fire dragon
  9322 | D:9      | Reached skill level 6 in Ranged Weapons
  9523 | D:9      | Noticed a two-headed ogre
  9547 | D:9      | Killed a two-headed ogre
  9660 | D:9      | Identified the +6 short sword of Responsibility {speed, rF+
                  | Int+4}
  9696 | D:9      | Found a blossoming altar of Fedhas.
  9760 | D:10     | Entered Level 10 of the Dungeon
  9832 | D:10     | Reached skill level 5 in Hexes
  9832 | D:10     | Reached skill level 5 in Summonings
  9832 | D:10     | Reached skill level 5 in Necromancy
  9832 | D:10     | Reached skill level 5 in Translocations
  9832 | D:10     | Reached skill level 5 in Transmutations
  9832 | D:10     | Reached skill level 5 in Fire Magic
  9832 | D:10     | Reached skill level 5 in Ice Magic
  9832 | D:10     | Reached skill level 5 in Air Magic
  9832 | D:10     | Reached skill level 5 in Earth Magic
  9832 | D:10     | Reached skill level 5 in Poison Magic
  9832 | D:10     | Reached XP level 11. HP: 72/85 MP: 22/22
 10149 | D:10     | Reached skill level 7 in Ranged Weapons
 10176 | D:10     | Identified the +4 trident "Tuutze" {vorpal, Will+ MP+9
                  | Int-2}
 10194 | D:10     | Noticed a deep elf knight
 10198 | D:10     | Killed a deep elf knight
 10246 | D:10     | Found Hukhixka's Distillery.
 10299 | D:10     | Found a broken altar of Ashenzari.
 10463 | D:10     | Noticed a boulder beetle
 10480 | D:10     | Killed a boulder beetle
 10685 | D:10     | Noticed a red ugly thing
 10695 | D:10     | Killed a red ugly thing
 10854 | D:10     | Reached **** piety under Makhleb
 10859 | D:10     | Noticed an orc knight
 10875 | D:10     | Killed an orc knight
 10876 | D:10     | Noticed a manticore
 10902 | D:10     | Killed a manticore
 10908 | D:10     | Reached skill level 8 in Ranged Weapons
 11140 | D:11     | Identified the amulet "Utetaneh" {RegenMP rElec rC+ SInv}
 11193 | D:11     | Found a staircase to the Orcish Mines.
 11193 | D:11     | Noticed an orc sorcerer
 11383 | Lair:1   | Entered Level 1 of the Lair of Beasts
 11549 | Lair:1   | Reached XP level 12. HP: 85/94 MP: 24/24
 11749 | Lair:1   | Reached skill level 9 in Ranged Weapons
 11755 | Lair:1   | Reached ***** piety under Makhleb
 11756 | Lair:1   | Reached skill level 10 in Polearms
 12536 | Lair:2   | Noticed Maggie
 12544 | Lair:2   | Killed Maggie
 12660 | Lair:2   | Noticed a boulder beetle
 12689 | Lair:2   | Killed a boulder beetle
 13038 | Lair:2   | Reached skill level 10 in Ranged Weapons
 13502 | Lair:2   | Noticed a four-headed hydra
 13504 | Lair:2   | Reached XP level 13. HP: 89/101 MP: 26/26
 13840 | Lair:3   | Found a staircase to the Shoals.
 13866 | Lair:3   | Found a hole to the Spider Nest.
 14225 | Lair:3   | Noticed Gastronok
 14245 | Lair:3   | Killed Gastronok
 14246 | Lair:3   | Reached skill level 10 in Spellcasting
 14376 | Lair:3   | Learned a level 4 spell: Animate Armour
 14952 | Lair:4   | Reached skill level 11 in Ranged Weapons
 15064 | Lair:4   | Found a staircase to the Slime Pits.
 15085 | Lair:4   | Found a viscous altar of Jiyva.
 15128 | Lair:4   | Reached skill level 10 in Fighting
 15128 | Lair:4   | Reached skill level 10 in Dodging
 15709 | Lair:4   | Reached XP level 14. HP: 88/110 MP: 25/28
 15712 | Lair:4   | Reached skill level 10 in Invocations
 16265 | Lair:5   | Entered Level 5 of the Lair of Beasts
 16318 | Lair:5   | Reached ****** piety under Makhleb
 16367 | Lair:5   | Reached skill level 12 in Ranged Weapons
 17070 | Lair:5   | Mangled by a death yak

Illustrated notes

Levels and vault maps discovered:
D:1:      minmay_arrival_up_and_down, layout_basic, minmay_misc_feat_alley
D:2:      layout_basic
D:3:      layout_basic, shapermc_ecumenical_altar_ellora,
          minmay_randomly_rotated_circles
D:4:      layout_cave_pods, minmay_temple_entry_mini_moons,
          gup_sewer_entry_glass, serial_shops, shop, reono_crystal_passage
D:5:      layout_basic, lightli_ossuary_entry_decrepit_ruins
D:6:      layout_rooms, mainiacjoe_overflow_cross_hatched, minmay_shop_damaged
D:7:      layout_basic
D:8:      layout_rooms, hellmonk_okawaru_the_only_friend_you_need,
          enter_bailey_3, grunt_ministairs_4, minmay_manual_monstrance,
          uniq_amaemon
D:9:      layout_big_octagon, fedhas_altar_1, minmay_lair_entry_lava,
          nicolae_water_bricks
D:10:     nicolae_hexawheel, layout_basic, mainiacjoe_overflow_six_doors_small,
          serial_shops, nicolae_diamond_shop
D:11:     layout_loops_ring, zombieorc2_lemuel, kennysheep_generic_room_14
Temple:   regret_index_temple_mists
Lair:1:   dreamdust_cave_troll, layout_cave_shapes, grunt_megastairs_2,
          infiniplex_staircase_pool_2, lemuel_fruit_tree
Lair:2:   layout_cave_pods, serial_bayou_pond_d, grunt_megastairs_4, uniq_maggie
Lair:3:   layout_hall_layers, elwin_shoals_entry_rocks,
          nicolae_spider_entry_non_spiders, uniq_gastronok
Lair:4:   layout_roguey, slime_entry_1, nzn_sisyphean_effort,
          serial_bayou_shore_b
Lair:5:   gammafunk_lair_ancient_temple, layout_regular_city, st_stairs_4

Skill      XL: |  1  2  3  4  5  6  7  8  9 10 11 12 13 14 |
---------------+-------------------------------------------+-----
Spellcasting   | 5 6 7 8 9 10 | 10.8
Invocations    | 1 2 3 4 5 6 7 8 9 10 | 10.4
Short Blades   | 1 2 3 5 6 7 8 9 |  9.5
Long Blades    | 1 2 3 5 6 7 8 9 |  9.5
Axes           | 1 2 3 5 6 7 8 9 |  9.5
Maces & Flails | 1 2 3 5 6 7 8 9 |  9.5
Staves         | 1 2 3 5 6 7 8 9 |  9.5
Ranged Weapons | 1 2 3 5 6 8 10 11 12 | 12.2
Throwing       | 1 2 3 5 6 7 8 9 |  9.5
Armour         | 1 2 3 5 6 7 8 9 |  9.5
Stealth        | 1 2 3 5 6 7 8 9 |  9.5
Shields        | 1 2 3 5 6 7 8 9 |  9.5
Unarmed Combat | 1 2 3 5 6 7 8 9 |  9.5
Evocations     | 1 2 3 5 6 7 8 9 |  9.5
Hexes          | 1 2 3 4 5 6 7 8 |  8.0
Summonings     | 1 2 3 4 5 6 7 8 |  8.0
Necromancy     | 1 2 3 4 5 6 7 8 |  8.0
Translocations | 1 2 3 4 5 6 7 8 |  8.0
Transmutations | 1 2 3 4 5 6 7 8 |  8.0
Fire Magic     | 1 2 3 4 5 6 7 8 |  8.0
Ice Magic      | 1 2 3 4 5 6 7 8 |  8.0
Air Magic      | 1 2 3 4 5 6 7 8 |  8.0
Earth Magic    | 1 2 3 4 5 6 7 8 |  8.0
Poison Magic   | 1 2 3 4 5 6 7 8 |  8.0
Fighting       | 5 6 7 8 9 10 | 10.6
Dodging        | 5 6 7 8 9 10 | 10.6
Polearms       | 7 8 9 10 11 | 11.5
Conjurations   | 6 7 8 9 |  9.7

Action                   |  1- 3 |  4- 6 |  7- 9 | 10-12 | 13-15 || total
-------------------------+-------+-------+-------+-------+-------++-------
Melee: Spear             |    97 |   364 |    37 |       |       ||   498
       Bite              |     5 |    32 |    37 |    72 |    86 ||   232
       Punch             |       |     7 |    10 |       |       ||    17
       Scimitar          |       |       |   202 |       |       ||   202
       Eveningstar       |       |       |    66 |       |   201 ||   267
       Dire flail        |       |       |    31 |    75 |       ||   106
       War axe           |       |       |       |   292 |   196 ||   488
       Demon whip        |       |       |       |    35 |    53 ||    88
       Unarmed           |       |       |       |       |     3 ||     3
       Dagger            |       |       |       |       |     1 ||     1
Throw: Boomerang         |    19 |    20 |    14 |    55 |    18 ||   126
 Cast: Momentum Strike   |       |     2 |     3 |    15 |       ||    20
       Hailstorm         |       |       |       |     7 |     2 ||     9
       Animate Armour    |       |       |       |       |    25 ||    25
Invok: Minor Destruction |       |       |    22 |     2 |     7 ||    31
       Lesser Servant of |       |       |       |     1 |       ||     1
  Use: Scroll            |       |     7 |    13 |     6 |     3 ||    29
       Potion            |       |       |       |     3 |       ||     3
 Stab: Sleeping          |     1 |     1 |     9 |     5 |     2 ||    18
       Distracted        |       |       |       |     7 |     6 ||    13
Armor: Leather armour    |     7 |       |       |       |       ||     7
       Ring mail         |     9 |    93 |   143 |   161 |       ||   406
       Acid dragon scale |       |       |       |    19 |   249 ||   268
Dodge: Dodged            |    37 |   175 |   202 |   282 |   338 ||  1034
Block: Other             |       |    40 |    79 |    31 |       ||   150
       Reflection        |       |       |     3 |     9 |     1 ||    13
       Buckler           |       |       |       |   206 |    86 ||   292
       Kite shield       |       |       |       |       |   416 ||   416

Table legend: (Time is in decaauts)
 A = Elapsed time spent in this place.
 B = Non-inter-level travel time spent in this place.
 C = Inter-level travel time spent in this place.
 D = Time resting spent in this place.
 E = Time spent auto-exploring this place.
 F = Levels seen in this place.
 G = Mean time per level.
                   A        B        C        D        E       F      G
               +--------+--------+--------+--------+--------+-----+--------+
         Total |  17284 |  16748 |    536 |   2939 |   9652 |  19 |  909.7 |
       Dungeon |  10311 |   9905 |    406 |   1664 |   5909 |  11 |  937.4 |
        Temple |    172 |    129 |     43 |      0 |      0 |   1 |  172.0 |
          Lair |   5758 |   5671 |     87 |   1192 |   3198 |   5 | 1151.6 |
         Sewer |    429 |    429 |      0 |      0 |    277 |   1 |  429.0 |
       Ossuary |    612 |    612 |      0 |     83 |    267 |   1 |  612.0 |
               +--------+--------+--------+--------+--------+-----+--------+

Top non-repeatable levels by time:
  Lair:4: 1632 daAuts
    D:10: 1504 daAuts
     D:8: 1379 daAuts
     D:7: 1323 daAuts
  Lair:2: 1263 daAuts
  Lair:3: 1239 daAuts
  Lair:1: 1054 daAuts
     D:3: 1006 daAuts
     D:6: 962 daAuts
     D:4: 901 daAuts
     D:1: 899 daAuts
     D:2: 823 daAuts
     D:5: 812 daAuts
 Ossuary: 612 daAuts
     D:9: 586 daAuts
